 Dungeon Crawl Stone Soup version 0.24-a0-521-g122614bf49 (webtiles) character file.

Game seed: 16731626477784197294

1677 Carillon the Covert (level 8, 0/87 HPs)
             Began as a Vampire Enchanter on July 30, 2019.
             Slain by a worker ant zombie (1 damage)
             ... on level 5 of the Dungeon.
             The game lasted 00:37:06 (3994 turns).

Carillon the Covert (Vampire Enchanter)             Turns: 3994, Time: 00:37:06

Health: 0/87       AC: 24    Str:  9    XL:     8   Next: 70%
Magic:  12/14      EV:  2    Int: 23    God:
Gold:   137        SH:  5    Dex: 14    Spells: 6/15 levels left

rFire    . . .     SeeInvis +   a - +2 dagger
rCold    . . .     Gourm    .   e - +0 buckler
rNeg     + + +     Faith    .   (armour currently unavailable)
rPois    +         Spirit   .   (helmet currently unavailable)
rElec    .         Reflect  .   (cloak currently unavailable)
rCorr    .         Harm     .   (gloves currently unavailable)
MR       .....     NoTele   +   (boots currently unavailable)
Stlth    ++++......             (no amulet)
HPRegen  0.44/turn              (no ring)
MPRegen  0.14/turn              (no ring)

@: brilliant, tree-form, berserk cooldown, regenerating quickly, slowed, very
slow
A: no food, see invisible
a: Exsanguinate


You were on level 5 of the Dungeon.
You were alive.
You were a tree.
You visited 1 branch of the dungeon, and saw 5 of its levels.

You collected 137 gold pieces.

Inventory:

Hand Weapons
 a - a +2 dagger (weapon)
Armour
 b - a +1 robe (melded)
 c - a +2 hat (melded)
 e - a +0 buckler (worn)
 i - a +0 pair of gloves (melded)
Wands
 t - a wand of polymorph (8)
Scrolls
 g - 2 scrolls of remove curse
 h - 2 scrolls of identify
Potions
 s - 2 potions of flight


   Skills:
 - Level 3.3 Fighting
 - Level 6.6 Short Blades
 - Level 5.8 Dodging
 - Level 10.1 Stealth
 - Level 4.1 Shields
 - Level 4.0 Spellcasting
   Level 2.9 Conjurations
 + Level 7.8 Hexes
 - Level 1.0 Ice Magic
   Level 3.3 Invocations
 - Level 3.3 Evocations


You had 6 spell levels left.
You knew the following spells:

 Your Spells              Type           Power        Failure   Level  Hunger
a - Corona                Hex            ######.      1%          1    N/A
b - Ensorcelled Hibernat  Hex/Ice        #####.       1%          2    N/A
c - Confuse               Hex            ######..     1%          3    N/A
d - Tukima's Dance        Hex            ######..     1%          3    N/A

Your spell library contained the following spells:

 Spells                   Type           Power        Failure   Level  Hunger
 Dazzling Spray           Conj/Hex       #####.       1%          3    N/A

Dungeon Overview and Level Annotations

Branches:
Dungeon (5/15)             Temple (0/1) D:5

Altars:
Cheibriados
Makhleb
Qazlal


Innate Abilities, Weirdness & Mutations

You do not eat.
Your natural rate of healing is unusually fast.
((You have razor-sharp teeth.))
You have supernaturally acute eyesight. (SInv)
((You can survive without breathing.))


Message History

The howler monkey zombie hits you but does no damage.
You hit the howler monkey zombie.
The howler monkey zombie is lightly damaged.
The bullfrog zombie hits you.
* * * LOW HITPOINT WARNING * * *
The worker ant zombie bites you but does no damage.
The bullfrog zombie hits you but does no damage.
The howler monkey zombie hits you but does no damage.
You barely miss the howler monkey zombie.
The howler monkey zombie is lightly damaged.
The bullfrog zombie hits you.
* * * LOW HITPOINT WARNING * * *
The worker ant zombie bites you but does no damage.
The howler monkey zombie hits you but does no damage.
You closely miss the howler monkey zombie.
The howler monkey zombie is lightly damaged.
The bullfrog zombie hits you.
* * * LOW HITPOINT WARNING * * *
The worker ant zombie bites you.
You die...

*,,,,,,,,,,**,,,,,,,,*,.....,,
*,,,,,,,,,,*,,.......,,....,,,
*,,,,,.,,,,*,,.......,,[...,,,
*,,,,,..,,,*,,.......,,,,,,,,,
*,,,,,...,,*,,.......,,,,,,,,,
*,,,,,....,*,,.......,,,,,,,,,
*,,,,,.....##,.......,,,,,,,,,
******......Z#......#,,,,,,,,,
*******......Z♣.......,,,,,,,,,
**,,,,,*.§...#..Z...##.,,,,,,,,,
**,,,,,,,§..,....>...#**,,,,,,,,,
*,,,,,,,,§,.............,,,,,,,,,
*,,,,,,≈,§§§............,,,,,,,,,
*,,,,,,≈≈§§≈....#.......,,,,,>,,,
*,,,,,,≈≈≈≈.....*.#####(,,,,,,,,,
*,,,,,,≈≈.≈.....,..,,,,,,,,,,,,,,
**,,,,,,,,,,,,,*,,,,,,,,,,,*,,,,,


You could see a bullfrog zombie (inner flame), a worker ant zombie (inner flame)
and a howler monkey zombie (inner flame).

Vanquished Creatures
  A hornet zombie (D:5)
  2 phantoms (D:4)
  An ogre (D:4)
  A centaur (D:5)
  A scorpion (D:5)
  A howler monkey (D:5)
  A centaur zombie (D:5)
  2 hounds (D:4)
  2 orc priests (D:4)
  A bullfrog skeleton (D:5)
  2 worker ants
  A hound zombie (D:5)
  3 adders
  3 oozes
  A worm (D:2)
  5 dart slugs
  2 leopard geckos
  13 orcs
  2 ball pythons
  11 bats
  3 giant cockroaches
  8 goblins
  6 hobgoblins
  2 jackals (D:1)
  4 quokkas
  7 frilled lizards
  A giant cockroach zombie (D:5)
  A jackal zombie (D:5)
  8 kobolds
  A quokka skeleton (D:5)
  4 rats
101 creatures vanquished.

Notes
Turn   | Place    | Note
-------+----------+-------------------------------------------
     0 | D:1      | Carillon the Vampire Enchanter began the quest for the Orb.
     0 | D:1      | Reached XP level 1. HP: 13/13 MP: 3/3
     0 | D:1      | Noticed a dwarf
     0 | D:1      | Noticed a human
     1 | D:1      | Noticed a ghoul
     1 | D:1      | Noticed a centaur
     3 | D:1      | Noticed a centaur
     3 | D:1      | Noticed a ghoul
     5 | D:1      | Noticed a dwarf
     6 | D:1      | Noticed a vampire
     8 | D:1      | Noticed a gargoyle
    10 | D:1      | Noticed an ogre
    12 | D:1      | Noticed an ogre
    12 | D:1      | Noticed a troll
    15 | D:1      | Noticed a dwarf
    15 | D:1      | Noticed a spriggan
    17 | D:1      | Noticed a naga
    17 | D:1      | Noticed a formicid
    19 | D:1      | Noticed a troll
   208 | D:1      | Reached XP level 2. HP: 12/19 MP: 5/5
   212 | D:1      | Learned a level 2 spell: Ensorcelled Hibernation
   454 | D:1      | Reached skill level 5 in Stealth
   749 | D:2      | Reached skill level 1 in Ice Magic
   755 | D:2      | Reached XP level 3. HP: 15/24 MP: 6/6
   760 | D:2      | Learned a level 3 spell: Confuse
  1403 | D:2      | Reached XP level 4. HP: 30/30 MP: 4/7
  2067 | D:3      | Reached skill level 1 in Shields
  2337 | D:3      | Found a stormy altar of Qazlal.
  2652 | D:4      | Found a snail-covered altar of Cheibriados.
  2874 | D:4      | Found a burning altar of Makhleb.
  2880 | D:4      | Reached skill level 6 in Stealth
  2880 | D:4      | Reached XP level 5. HP: 26/35 MP: 1/8
  2906 | D:4      | Noticed an ogre
  2914 | D:4      | Killed an ogre
  2944 | D:4      | Noticed a phantom
  3006 | D:4      | Reached XP level 6. HP: 14/41 MP: 3/9
  3033 | D:4      | HP: 2/41 [phantom (9)]
  3263 | D:5      | Entered Level 5 of the Dungeon
  3309 | D:4      | Reached skill level 5 in Short Blades
  3668 | D:4      | Reached skill level 7 in Stealth
  3689 | D:4      | Reached XP level 7. HP: 41/46 MP: 1/10
  3694 | D:4      | Learned a level 3 spell: Tukima's Dance
  3917 | D:5      | Reached skill level 8 in Stealth
  3970 | D:5      | Reached skill level 5 in Hexes
  3985 | D:5      | HP: 2/46 [howler monkey zombie (3)]
  3989 | D:5      | Reached skill level 5 in Dodging
  3989 | D:5      | Reached skill level 10 in Stealth
  3989 | D:5      | Reached XP level 8. HP: 3/58 MP: 11/14
  3992 | D:5      | HP: 4/87 [bullfrog zombie (3)]
  3994 | D:5      | HP: 1/87 [bullfrog zombie (1)]
  3994 | D:5      | Slain by a worker ant zombie

Levels and vault maps discovered:
D:1:      shiori_arrival_whats_in_store_for_you, layout_rooms
D:2:      layout_basic, minmay_pentomino_x4
D:3:      layout_loops_ring, lemuel_crystal_altar, first_ration
D:4:      layout_cave_pools, makhleb_blood_cavern_becter, kennysheep_slug_shrine
D:5:      layout_rooms, lemuel_temple_firewalk_b, serial_undead,
          serial_undead_d, serial_undead_f, serial_undead_c, serial_undead_a,
          serial_undead_e, serial_undead_a, serial_undead_c

Skill      XL: |  1  2  3  4  5  6  7 |
---------------+----------------------+-----
Short Blades   | 2 3 4 5 6 |  6.6
Stealth        | 5 6 7 10 | 10.1
Ice Magic      | 1 |  1.0
Shields        | 1 2 3 4 |  4.1
Hexes          | 7 |  7.8
Spellcasting   | 4 |  4.0
Fighting       | 3 |  3.3
Dodging        | 5 |  5.8
Conjurations   | 2 |  2.9
Invocations    | 3 |  3.3
Evocations     | 3 |  3.3

Action                   |  1- 3 |  4- 6 |  7- 9 || total
-------------------------+-------+-------+-------++-------
Melee: Dagger            |   154 |   259 |    51 ||   464
       Bite              |     8 |    25 |     3 ||    36
 Cast: Ensorcelled Hiber |     4 |    21 |     4 ||    29
       Confuse           |       |    14 |     1 ||    15
  Use: Scroll            |     3 |     5 |     4 ||    12
       Potion            |     2 |     6 |     6 ||    14
 Stab: Sleeping          |     8 |    18 |     5 ||    31
       Distracted        |     1 |       |       ||     1
       Confused          |       |     4 |     1 ||     5
Armor: Robe              |    51 |    67 |    13 ||   131
       Skin              |       |       |    11 ||    11
Dodge: Dodged            |   103 |   140 |    33 ||   276
Block: Buckler           |       |    52 |    11 ||    63

Table legend:
 A = Non-vault XP
 B = Vault XP
 C = Vault XP percentage of total XP
 D = Non-vault monster count
 E = Vault monster count
 F = Vault count percentage of total count
                 A         B        C        D         E       F
            +---------+---------+-------+---------+---------+-------
      Total |     967 |     256 |  20.9 |      89 |      12 |  11.9
            +---------+---------+-------+---------+---------+-------
        D:1 |      37 |       0 |   0.0 |      19 |       0 |   0.0
        D:2 |      76 |       7 |   8.4 |      22 |       4 |  15.4
        D:3 |      65 |       0 |   0.0 |      29 |       0 |   0.0
        D:4 |     536 |      49 |   8.4 |      14 |       2 |  12.5
        D:5 |     253 |     200 |  44.2 |       5 |       6 |  54.5
            +---------+---------+-------+---------+---------+-------
